 Dungeon Crawl Stone Soup version 0.28-a0-511-gcc94558de3 (webtiles) character file.

Game seed: 17305990548850923110

345 kipponium the Cutter (level 6, -1/69 (72) HPs)
             Began as a Formicid Hunter on Sept 21, 2021.
             Slain by a wight (3 damage)
             ... on level 6 of the Dungeon.
             The game lasted 00:19:03 (4375 turns).

kipponium the Cutter (Formicid Hunter)              Turns: 4375, Time: 00:19:04

HP:   -1/69 (72)    AC: 23    Str: 16 (19) XL:     6   Next: 89%
MP:   6/6           EV:  2    Int: 13 (16) God:
Gold: 102           SH:  0    Dex:  8 (11) Spells: 5/5 levels left

rFire   . . .      SeeInvis .   o - +2 short sword (protect)
rCold   . . .      Faith    .   (no shield)
rNeg    + + +      Spirit   .   (armour currently unavailable)
rPois   +          Reflect  .   (helmet unavailable)
rElec   .          Harm     .   (cloak currently unavailable)
rCorr   .          Rampage  .   (gloves currently unavailable)
Will    +....                   (boots currently unavailable)
Stlth   +.........              (no amulet)
HPRegen 0.21/turn               e - +6 ring of intelligence
MPRegen 0.10/turn               (no ring)

@: tree-form, lightly drained
A: stationary, stasis, torment immunity, boosted hp, permanent stasis, dig
shafts and tunnels, (antennae 3), four strong arms, deterioration 1,
strong-willed 1, wild magic 1
a: no special abilities


You were on level 6 of the Dungeon.
You were a tree.
You visited 1 branch of the dungeon, and saw 5 of its levels.

You collected 102 gold pieces.

Inventory:

Hand Weapons
 a - a +1 hand crossbow
 b - a +0 short sword
 f - a +0 mace
 g - a +0 dagger of venom
 o - a +2 short sword of protection (weapon)
Missiles
 d - 89 bolts
Armour
 c - a +0 leather armour
 t - a +0 ring mail of positive energy (melded)
 u - a +0 pair of boots (melded)
Jewellery
 e - a +6 ring of intelligence (left branch)
 l - a +4 ring of evasion
Wands
 m - a wand of flame (6)
Scrolls
 h - a scroll of teleportation {unknown}
 p - 2 scrolls of amnesia
Potions
 j - a potion of degeneration
 n - a potion of invisibility {unknown}
 q - a potion of brilliance {unknown}
 s - a potion of resistance {unknown}


   Skills:
 + Level 3.8 Fighting
 * Level 4.9 Short Blades
 - Level 2.4 Maces & Flails
 - Level 4.0 Crossbows
 - Level 1.7 Dodging
 - Level 1.2 Stealth


You had 5 spell levels left.
You didn't know any spells.
Your spell library was empty.

Dungeon Overview and Level Annotations

Branches:
Dungeon (4/15)
 Temple: D:4-7

Altars:


Innate Abilities, Weirdness & Mutations

You are a tree.
Your roots penetrate the ground, keeping you stationary.
You cannot be teleported.
You are immune to unholy pain and torment.
Your maximum health is greatly increased.
Your equipment is partially melded.
You cannot be hasted, slowed, berserked, paralysed or teleported.
You can dig through walls and to a lower floor.
((You have a pair of large antennae on your head. (SInv)))
Your four strong arms can wield two-handed weapons with a shield.
Your body sometimes deteriorates upon taking damage.
You are strong-willed. (Will+)
Your spells are a little harder to cast, but a little more powerful.


Message History

The gnoll hits you but does no damage. The wight hits you but does no damage.
You barely miss the orc. The orc hits you with a +0 club.
The wight hits you but does no damage. The gnoll hits you but does no damage.
You hit the orc.
The orc is lightly wounded.
The wight hits you from afar with a +0 spear.
The orc hits you but does no damage. The wight hits you but does no damage.
You closely miss the orc.
The orc is lightly wounded.
The gnoll hits you but does no damage. The wight barely misses you.
The orc hits you but does no damage. The wight barely misses you.
You closely miss the orc.
The orc is lightly wounded.
The gnoll hits you with a +0 flail. The wight hits you but does no damage.
The orc hits you but does no damage.
You barely miss the orc.
The wight hits you from afar with a +0 trident.
The gnoll hits you with a +0 flail.
* * * LOW HITPOINT WARNING * * *
The wight hits you but does no damage. The orc hits you but does no damage.
You barely miss the orc.
The wight hits you from afar with a +0 trident!
* * * LOW HITPOINT WARNING * * *
The gnoll barely misses you. The wight hits you but does no damage.
You completely miss the orc. The orc hits you but does no damage.
The wight hits you from afar with a +0 trident!
* * * LOW HITPOINT WARNING * * *
The gnoll hits you with a +0 flail.
* * * LOW HITPOINT WARNING * * *
It was a potion of degeneration.
There was something very wrong with that liquid.
You feel weakened.
You feel dopey.
You feel clumsy. The wight hits you but does no damage.
The orc hits you but does no damage. The wight hits you but does no damage.
The gnoll hits you but does no damage.
It was a potion of mutation.
You feel extremely strange.
You feel strong-willed.
You feel yourself wasting away.
You feel less in control of your magic. The wight hits you but does no damage.
The orc hits you but does no damage.
The wight hits you from afar with a +0 trident.
You die...

#...........# #..
#...........# #..
#...........# #..
#..........#######..
#..........##....#..
#..........#.....#..
#..........'.....#..
#..........#.....'..
#..♣o......##....#..
#.g)##.....##....#..
#.zz##.....##....#..
#....#.....#.....#..
#....#.....#.....#..
#...)#.....#######..
#....).....# ###
#....#){...#
#....#.{o


You could see 2 wights, a gnoll and an orc.

Vanquished Creatures
  An ice beast (D:6)
  A water moccasin skeleton (D:6)
  A bullfrog zombie (D:3)
  Jessica (D:3)
  An orc wizard (D:6)
  3 gnolls (D:6)
  3 adders
  2 worms (D:3)
  4 dart slugs
  3 orcs (D:6)
  5 endoplasms
  3 giant cockroaches
  A goblin (D:1)
  4 hobgoblins
  2 quokkas (D:1)
  4 ball pythons
  6 bats
  4 frilled lizards
  7 kobolds
  2 rats (D:1)
58 creatures vanquished.

Notes
Turn   | Place    | Note
-------+----------+-------------------------------------------
     0 | D:1      | kipponium the Formicid Hunter began the quest for the Orb.
     0 | D:1      | Reached XP level 1. HP: 16/16 MP: 1/1
   489 | D:1      | Reached skill level 1 in Maces & Flails
   533 | D:1      | Reached XP level 2. HP: 15/23 MP: 2/2
   911 | D:1      | Found a faded altar of an unknown god.
  1466 | D:1      | Reached XP level 3. HP: 12/28 MP: 3/3
  2838 | D:2      | Reached XP level 4. HP: 34/34 MP: 4/4
  3009 | D:3      | Reached skill level 1 in Short Blades
  3253 | D:3      | Reached XP level 5. HP: 37/41 MP: 5/5
  3845 | D:3      | Noticed Jessica
  3847 | D:3      | Killed Jessica
  4021 | D:4      | You fall into a shaft and drop 2 floors!
  4027 | D:6      | Noticed an ice beast
  4050 | D:6      | Killed an ice beast
  4051 | D:6      | Reached XP level 6. HP: 23/48 MP: 6/6
  4373 | D:6      | HP: 2/69 [gnoll (3)]
  4375 | D:6      | Gained mutation: You are strong-willed. (Will+) [potion of
                  | mutation]
  4375 | D:6      | Gained mutation: Your body sometimes deteriorates upon
                  | taking damage. [potion of mutation]
  4375 | D:6      | Gained mutation: Your spells are a little harder to cast,
                  | but a little more powerful. [potion of mutation]
  4375 | D:6      | Slain by a wight

Illustrated notes

Levels and vault maps discovered:
D:1:      heliophobic_arrival_ceremonial_halls, layout_basic,
          dreamdust_ecumenical_altar_grove, minivault_5
D:2:      layout_basic
D:3:      layout_loops_ring, uniq_jessica
D:4:      layout_loops_cross, minmay_temple_entry_enclosed_plants,
          nicolae_shop_firing_range, uniq_robin
D:6:      layout_gridville, lemuel_round_altar

Skill      XL: |  1  2  3  4  5 |
---------------+----------------+-----
Maces & Flails | 1 2 |  2.4
Fighting       | 3 |  3.8
Short Blades   | 2 4 |  4.9
Crossbows      | |  4.0
Dodging        | |  1.7
Stealth        | |  1.2

Action                   |  1- 3 |  4- 6 || total
-------------------------+-------+-------++-------
Melee: Mace              |    92 |       ||    92
       Short sword       |    24 |   137 ||   161
 Fire: Hand crossbow     |       |     6 ||     6
Throw: Throwing net      |       |     1 ||     1
Evoke: Wand              |       |    14 ||    14
  Use: Scroll            |       |     3 ||     3
       Potion            |       |     3 ||     3
 Stab: Sleeping          |       |     1 ||     1
Armor: Leather armour    |    30 |    13 ||    43
       Ring mail         |       |    46 ||    46
       Skin              |       |    42 ||    42
Dodge: Dodged            |    71 |    71 ||   142

Table legend: (Time is in decaauts)
 A = Elapsed time spent in this place.
 B = Non-inter-level travel time spent in this place.
 C = Inter-level travel time spent in this place.
 D = Time resting spent in this place.
 E = Time spent auto-exploring this place.
 F = Levels seen in this place.
 G = Mean time per level.
                   A        B        C        D        E       F      G
               +--------+--------+--------+--------+--------+-----+--------+
         Total |   4395 |   4226 |    169 |   1376 |   2170 |   5 |  879.0 |
       Dungeon |   4395 |   4226 |    169 |   1376 |   2170 |   5 |  879.0 |
               +--------+--------+--------+--------+--------+-----+--------+

Top non-repeatable levels by time:
     D:1: 2147 daAuts
     D:2: 1002 daAuts
     D:3: 896 daAuts
     D:6: 346 daAuts
     D:4: 2 daAuts
